 Dungeon Crawl Stone Soup version 0.22.1-6-g1668fe2 (webtiles) character file.

3751 Fang the Cleaver (level 10, -4/96 HPs)
             Began as a Gargoyle Berserker on Feb 5, 2019.
             Was an Elder of Trog.
             Slain by a two-headed ogre
             ... wielding a cursed -2 giant spiked club
              (12 damage)
             ... on level 8 of the Dungeon.
             The game lasted 00:10:50 (8656 turns).

Fang the Cleaver (Gargoyle Berserker)               Turns: 8656, Time: 00:10:51

Health: -4/96      AC: 23    Str: 29    XL:     10   Next: 15%
Magic:  10/10      EV:  9    Int:  8    God:    Trog [****..]
Gold:   286        SH:  0    Dex:  9    Spells: 9/9 levels left

rFire    + . .     SeeInvis .   r - +0 war axe (flame)
rCold    . . .     Gourm    .   (no shield)
rNeg     + . .     Faith    .   p - +0 plate armour
rPois    ∞         Spirit   .   (no helmet)
rElec    +         Reflect  .   (no cloak)
rCorr    .         Harm     .   j - +2 pair of gloves
MR       .....                  (no boots)
Stlth    ..........             (no amulet)
HPRegen  0.26/turn              q - ring of protection from fire
MPRegen  0.12/turn              (no ring)

@: berserking, starving, very quick
A: negative energy resistance 1, electricity resistance, unbreathing,
petrification resistance, rot immunity, AC +7
a: Berserk, Trog's Hand, Brothers in Arms, Renounce Religion


You were on level 8 of the Dungeon.
You worshipped Trog.
Trog was greatly pleased with you.
You were starving.

You visited 2 branches of the dungeon, and saw 9 of its levels.

You collected 402 gold pieces.
You spent 116 gold pieces at shops.

Inventory:

Hand Weapons
 a - a +0 hand axe
 r - a +0 war axe of flaming (weapon)
Armour
 j - a +2 pair of gloves (worn)
 p - a +0 plate armour (worn)
Jewellery
 q - a ring of protection from fire (left hand)
 s - an uncursed ring of flight {unknown}
Wands
 t - a wand of enslavement (7)
Scrolls
 b - a scroll of remove curse
 h - 5 scrolls of teleportation
 k - a scroll of fog {unknown}
 l - 2 scrolls of immolation {unknown}
 o - a scroll of identify
Potions
 d - 3 potions of mutation
 e - a potion of agility
 f - 3 potions of curing
 g - a potion of might
 i - a potion of heal wounds {unknown}
 m - 2 potions of ambrosia
 n - 2 potions of flight
Comestibles
 c - 18 rations


   Skills:
 + Level 7.7 Fighting
 + Level 9.5 Axes
 + Level 5.9 Armour
 + Level 5.1 Dodging
 + Level 2.9 Stealth


You had 9 spell levels left.
You didn't know any spells.
Your spell library was empty.

Dungeon Overview and Level Annotations

Branches:
Dungeon (8/15)             Temple (1/1) D:5
   Lair: D:8-11

Altars:
Ashenzari
Cheibriados
Fedhas
Gozag
Hepliaklqana
Kikubaaqudgha
Makhleb
Qazlal
Trog
Wu Jian
Xom
Yredelemnul
The Shining One

Shops:
D:7 ?[(?

Annotations:
D:7 Prince Ribbit
D:8 Psyche


Innate Abilities, Weirdness & Mutations

You are resistant to torment.
Your stone body is resilient. (AC +7)
You are immune to poison.
You resist negative energy. (rN+)
You are resistant to electric shocks. (rElec)
You can survive without breathing.
You are immune to petrification.
You are immune to rotting.


Message History

The two-headed ogre hits you with a dire flail.
The two-headed ogre hits you with a giant spiked club!!
* * * LOW HITPOINT WARNING * * *
The two-headed ogre hits you but does no damage. x2
You hear a shout!
A red film seems to cover your vision as you go berserk!
You feel yourself moving faster!
You feel mighty!
You are starving!
The two-headed ogre hits you with a dire flail!
* * * LOW HITPOINT WARNING * * *
The two-headed ogre hits you but does no damage.
You slash the two-headed ogre! You burn the two-headed ogre.
You feel the power of Trog in you as your rage grows.
You kill the two-headed ogre!
Trog accepts your kill.
You have reached level 10!
You slash the two-headed ogre! You burn the two-headed ogre.
The two-headed ogre hits you but does no damage.
The two-headed ogre hits you with a giant club!
You die...

##.#
#.........#
#.#
##.......##
#.. ##.....##
#### #######
###########
#.O@).....#
#............#
#.##.........#
#.........#
..........#
...........#
.##.......:.#
#. #.........#


You could see a two-headed ogre.

Vanquished Creatures
  A two-headed ogre (D:8)
  Pikel (D:5)
  Grinder (D:3)
  2 hippogriffs (D:7)
  A water moccasin (D:7)
  An ice beast (D:8)
  An orc warrior (D:7)
  A sky beast (D:5)
  3 slaves (D:5)
  A phantom (D:5)
  2 ogres
  5 centaurs
  3 bullfrogs
  A scorpion (D:6)
  A howler monkey (D:5)
  A bullfrog zombie (D:6)
  2 hounds
  A bullfrog skeleton (D:7)
  5 orc wizards
  An orc priest (D:6)
  Crazy Yiuf (D:6)
  3 iguanas
  5 worker ants
  A killer bee zombie (D:6)
  2 hound skeletons
  Robin (D:3)
  4 gnolls
  7 adders
  2 oozes
  An adder zombie (D:5)
  3 dart slugs
  3 leopard geckos
  11 orcs
  6 giant cockroaches
  15 goblins
  13 hobgoblins
  12 jackals
  13 bats
  8 frilled lizards
  6 kobolds
  A leopard gecko zombie (D:5)
  6 rats
159 creatures vanquished.

Notes
Turn   | Place    | Note
-------+----------+-------------------------------------------
     0 | D:1      | Fang the Gargoyle Berserker began the quest for the Orb.
     0 | D:1      | Reached XP level 1. HP: 14/14 MP: 1/1
   211 | D:1      | Reached XP level 2. HP: 19/19 MP: 2/2
   264 | D:1      | Reached skill level 3 in Axes
   344 | D:1      | Found a radiant altar of Vehumet.
   346 | D:1      | Found an ancient bone altar of Kikubaaqudgha.
   346 | D:1      | Found a shimmering altar of Xom.
   348 | D:1      | Found a bloodstained altar of Trog.
   348 | D:1      | Found a shimmering altar of Xom.
   348 | D:1      | Found a hazy altar of Hepliaklqana.
   472 | D:1      | Reached XP level 3. HP: 19/24 MP: 3/3
  1079 | D:2      | Reached ** piety under Trog
  1079 | D:2      | Reached XP level 4. HP: 16/29 MP: 4/4
  1409 | D:2      | Found a glowing golden altar of the Shining One.
  1771 | D:2      | Reached XP level 5. HP: 33/33 MP: 5/5
  1790 | D:3      | Noticed Robin
  1802 | D:3      | Killed Robin
  1954 | D:3      | Reached skill level 4 in Axes
  1992 | D:3      | Reached *** piety under Trog
  2090 | D:3      | Noticed Grinder
  2111 | D:3      | Paralysed by something for 6 turns
  2124 | D:3      | Paralysed by something for 7 turns
  2134 | D:3      | Paralysed by something for 5 turns
  2142 | D:3      | Killed Grinder
  2142 | D:3      | Reached XP level 6. HP: 34/39 MP: 6/6
  2322 | D:3      | Found a snail-covered altar of Cheibriados.
  2638 | D:3      | Found an ornate altar of the Wu Jian Council.
  2763 | D:4      | Reached skill level 1 in Stealth
  2880 | D:4      | Reached skill level 5 in Axes
  2993 | D:4      | Reached XP level 7. HP: 43/44 MP: 7/7
  3621 | D:5      | Entered Level 5 of the Dungeon
  4128 | D:5      | Found a staircase to the Ecumenical Temple.
  4137 | D:5      | Reached skill level 5 in Fighting
  4151 | Temple   | Entered the Ecumenical Temple
  4458 | D:5      | Reached skill level 6 in Axes
  4458 | D:5      | Reached XP level 8. HP: 45/49 MP: 8/8
  4550 | D:5      | Reached **** piety under Trog
  5258 | D:6      | Found a hazy altar of Hepliaklqana.
  5275 | D:6      | Reached skill level 7 in Axes
  5364 | D:6      | Found a runed door.
  5415 | D:6      | Noticed Pikel
  5461 | D:5      | HP: 3/76 [slave[Pikel] (5)]
  5469 | D:5      | Killed Pikel
  5469 | D:5      | Reached XP level 9. HP: 4/55 MP: 9/9
  5752 | D:6      | Reached skill level 8 in Axes
  5939 | D:6      | Found a blossoming altar of Fedhas.
  5968 | D:6      | Found a basalt altar of Yredelemnul.
  6001 | D:6      | Found a stormy altar of Qazlal.
  6013 | D:6      | Found a burning altar of Makhleb.
  6142 | D:6      | Found an opulent altar of Gozag.
  6191 | D:6      | Noticed Crazy Yiuf
  6201 | D:6      | Killed Crazy Yiuf
  6405 | D:7      | Noticed Prince Ribbit
  6636 | D:7      | Found Seora's Magic Scroll Boutique.
  6950 | D:7      | Reached skill level 5 in Dodging
  7306 | D:7      | Found Awu Ymmo's Magic Scroll Emporium.
  7447 | D:7      | Found Woczi's Weapon Boutique.
  7452 | D:7      | Found Ludephuc's Antique Armour Shop.
  7454 | D:7      | Bought a +0 war axe of flaming for 116 gold pieces
  7922 | D:7      | Reached skill level 9 in Axes
  7990 | D:8      | Reached skill level 5 in Armour
  8009 | D:8      | Found a bloodstained altar of Trog.
  8020 | D:8      | Noticed Psyche
  8649 | D:8      | Noticed a two-headed ogre
  8652 | D:8      | Noticed a two-headed ogre
  8656 | D:8      | Killed a two-headed ogre
  8656 | D:8      | Reached XP level 10. HP: 8/64 MP: 10/10
  8656 | D:8      | Slain by a two-headed ogre

Skill      XL: |  1  2  3  4  5  6  7  8  9 |
---------------+----------------------------+-----
Axes           | 3 4 5 6 7 9 |  9.5
Dodging        | 2 3 4 5 |  5.1
Fighting       | 4 5 6 7 |  7.7
Stealth        | 1 2 |  2.9
Armour         | 3 5 |  5.9

Action                   |  1- 3 |  4- 6 |  7- 9 | 10-12 || total
-------------------------+-------+-------+-------+-------++-------
Melee: Hand axe          |   120 |   230 |   464 |       ||   814
       War axe           |       |       |    50 |       ||    50
Invok: Berserk           |       |     2 |     6 |       ||     8
  Use: Scroll            |       |     4 |     5 |       ||     9
  Eat: Chunk             |     1 |     8 |    19 |       ||    28
       Ration            |       |       |     1 |       ||     1
Armor: Animal skin       |    49 |   103 |    20 |       ||   172
       Leather armour    |       |       |   180 |       ||   180
       Plate armour      |       |       |    82 |     1 ||    83
Dodge: Dodged            |   121 |   158 |   315 |       ||   594
